Map: Prion Terraces

Players

OLDFOXEY - Winner!

  • Race: Zerg Zerg
  • League: Grandmaster

Trainbike

  • Race: Protoss Protoss
  • League: Diamond

VOD

Have the link to the VOD?

Description

Time

  • Played on: Jan. 19, 2016, 10:23 p.m.
  • Length: 6:50
Show
View Real Time Build Order
Export as new Build Order

OLDFOXEY Zerg - Winner!

Build Orders: Hatch First 

Get SALT Encoding   

  12  0:01  Drone  
  13  0:13  Overlord  
  13  0:17  Drone  
  14  0:33  Drone x2  
  16  0:38  Drone  
  17  0:50  Drone  
  17  0:56  Drone  
  19  0:59  Hatchery  
  18  1:11  Spawning Pool  
  17  1:14  Drone  
  18  1:19  Drone  
  19  1:30  Drone, Extractor  
  19  1:40  Drone  
  20  1:58  Zergling x2  
  21  2:01  Hatchery  
  21  2:04  Queen  
  22  2:19  Drone x3, Queen  
  27  2:28  Overlord  
  27  2:36  Zergling x2  
  28  2:46  Metabolic Boost, Queen  
  29  2:56  Spine Crawler  
  29  2:57  Queen  
  30  3:04  Drone x2  
  30  3:05  Zergling x4  
  32  3:17  Zergling x8  
  36  3:30  Roach Warren  
  35  3:43  Drone x6  
  35  3:44  Drone  
  41  4:00  Overlord  
  41  4:02  Extractor  
  40  4:17  Queen  
  40  4:18  Overlord x2  
  40  4:22  Roach x3  
  40  4:23  Overlord x2  
  48  4:31  Roach  
  48  4:35  Overlord  
  48  4:37  Roach  
  48  4:38  Roach x3  
  56  4:45  Zergling x6  
  57  4:55  Roach  
  57  5:06  Zergling x2  
  57  5:07  Zergling x14  
  61  5:12  Extractor  
  59  5:16  Spine Crawler  
  58  5:27  Ravager  
  57  5:49  Ravager  
  56  6:00  Ravager  
  56  6:02  Zergling x12  
  56  6:27  Zergling x2  
  56  6:28  Zergling x4  
Show
View Real Time Build Order
Export as new Build Order

Trainbike Protoss 

Build Orders:  

Get SALT Encoding   

  12  0:01  Probe (Chrono Boost)  
  13  0:12  Probe (Chrono Boost)  
  14  0:19  Pylon  
  14  0:22  Probe (Chrono Boost)  
  15  0:37  Probe (Chrono Boost)  
  15  0:40  Gateway  
  16  0:45  Assimilator  
  16  0:48  Probe (Chrono Boost)  
  17  0:58  Probe (Chrono Boost)  
  17  1:02  Gateway  
  18  1:09  Probe (Chrono Boost)  
  19  1:18  Assimilator  
  19  1:19  Probe (Chrono Boost)  
  20  1:30  Cybernetics Core, Probe (Chrono Boost)  
  21  1:35  Pylon  
  21  1:43  Probe (Chrono Boost)  
  22  1:55  Probe (Chrono Boost)  
  23  2:09  Pylon  
  23  2:14  Adept x2  
  27  2:15  Warp Gate (Chrono Boost)  
  27  2:16  Mothership Core (Chrono Boost)  
  29  2:39  Robotics Facility  
  29  2:41  Adept x2  
  33  3:02  Gateway  
  33  3:04  Pylon  
  33  3:08  Adept  
  35  3:17  Probe  
  36  3:20  Adept  
  38  3:29  Immortal (Chrono Boost)  
  40  4:07  Stalker  
  46  4:11  Pylon  
  46  4:12  Stalker x2  
  45  4:29  Immortal (Chrono Boost)  
  47  4:33  Stalker  
  47  4:35  Pylon  
  49  4:51  Stalker x2  
  53  5:05  Immortal (Chrono Boost)  
  57  5:16  Zealot x2  
  61  5:30  Stalker  
  63  5:47  Pylon  
  63  5:48  Pylon  
  59  6:02  Immortal (Chrono Boost)  
  63  6:06  Stalker  
  47  6:23  Stalker x2  
  49  6:33  Adept  
Tags
 
Add a new tag
Caveats
  • Supply blocks, unpowered buildings, or Contaminate may cause inaccurate times.
  • Supply counts are checked every 10 seconds.